Map: Dusk Towers

Players

baby - Winner!

  • Race: Zerg Zerg
  • League: Silver
  • Spawn Location: 7:00

Fropez

  • Race: Protoss Protoss
  • League: Silver
  • Spawn Location: 1:00

VOD

Have the link to the VOD?

Description

Time

  • Played on: June 15, 2016, 1:43 p.m.
  • Length: 14:43
Show
View Real Time Build Order
Export as new Build Order

baby Zerg - Winner!

Build Orders: Hatch First 

Get SALT Encoding   

  12  0:03  Drone  
  13  0:14  Overlord  
  13  0:18  Drone  
  14  0:33  Drone x2  
  16  0:38  Drone  
  17  0:56  Drone, Hatchery  
  17  1:00  Drone  
  18  1:13  Extractor  
  18  1:16  Spawning Pool  
  18  1:18  Drone  
  17  1:23  Drone  
  18  1:31  Drone  
  19  1:41  Overlord  
  19  2:03  Queen  
  19  2:05  Zergling x4  
  23  2:08  Queen  
  23  2:09  Drone  
  26  2:16  Metabolic Boost  
  26  2:19  Drone  
  26  2:20  Drone  
  28  2:30  Drone x2  
  28  2:35  Overlord  
  30  2:43  Drone  
  31  2:46  Queen  
  33  2:53  Zergling x4  
  34  3:03  Zergling x4  
  36  3:07  Drone  
  36  3:39  Drone x3  
  36  3:40  Drone x3  
  42  3:49  Drone  
  42  3:50  Overlord, Drone  
  43  3:58  Zergling x2  
  44  4:15  Hatchery  
  43  4:18  Zergling x2  
  43  4:19  Zergling x2  
  44  4:35  Zergling x16  
  52  4:46  Overlord  
  52  4:47  Overlord  
  52  4:55  Overlord x2  
  50  5:00  Lair  
  50  5:04  Baneling Nest  
  50  5:05  Extractor  
  48  5:08  Extractor  
  48  5:09  Extractor  
  46  5:23  Evolution Chamber  
  46  5:25  Evolution Chamber, Drone x9  
  46  5:28  Queen, Hatchery  
  51  5:44  Drone  
  51  5:45  Drone x6  
  51  5:46  Drone x3  
  61  5:53  Drone  
  61  5:54  Drone x2  
  64  6:01  Zerg Melee Weapons Level 1, Zerg Ground Armor Level 1  
  64  6:05  Drone x2  
  64  6:06  Hydralisk Den  
  65  6:18  Drone x6  
  61  6:41  Queen  
  61  6:44  Drone x4  
  61  6:45  Extractor x2, Drone x4  
  69  7:00  Zergling x26  
  82  7:04  Drone  
  82  7:08  Muscular Augments  
  82  7:20  Drone x3  
  82  7:21  Drone  
  84  7:33  Baneling x5  
  84  7:34  Zergling x2, Baneling  
  84  7:35  Zergling x8  
  86  7:55  Centrifical Hooks  
  86  7:59  Hatchery  
  85  8:07  Hydralisk  
  84  8:15  Hatchery  
  76  8:23  Zergling x2  
  76  8:24  Zergling x26  
  76  8:27  Baneling x6  
  88  8:30  Overlord x3  
  88  8:33  Zerg Melee Weapons Level 2, Zerg Ground Armor Level 2  
  88  8:44  Baneling  
  88  8:45  Baneling x5  
  88  8:47  Overlord x2  
  88  8:48  Overlord  
  85  8:58  Zergling x2  
  85  8:59  Zergling x22  
  85  9:14  Zergling x24  
  97  9:17  Baneling  
  97  9:18  Baneling x4  
  95  9:35  Baneling x19  
  94  9:39  Hatchery  
  94  9:42  Queen  
  95  10:01  Drone x6  
  95  10:02  Drone x3  
  95  10:06  Lurker Den  
  104  10:12  Infestation Pit  
  102  10:29  Overlord x2  
  102  10:30  Overlord x2  
  102  10:41  Drone  
  102  10:42  Drone x6  
  109  10:43  Drone  
  109  10:51  Baneling  
  109  10:52  Baneling x5  
  109  10:54  Zergling x2  
  109  10:55  Zergling x50  
  135  10:58  Drone x2  
  135  10:59  Extractor, Drone x3  
  135  11:00  Queen  
  129  11:23  Hive  
  129  11:31  Extractor  
  128  11:35  Drone x2  
  130  11:50  Hydralisk x24  
  178  11:58  Drone  
  178  11:59  Overlord x5  
  179  12:17  Overlord x4  
  179  12:20  Zergling x40  
  199  12:24  Zerg Missile Weapons Level 1  
  199  12:38  Hatchery  
  199  12:39  Baneling x14  
  199  12:41  Baneling x7  
  196  12:49  Overseer x2  
  196  12:51  Overseer x3  
  193  12:55  Spore Crawler  
  193  12:56  Spore Crawler  
  191  13:02  Spore Crawler  
  182  13:11  Spore Crawler  
  179  13:14  Spore Crawler  
  179  13:17  Spore Crawler  
  177  13:27  Lair  
  177  13:29  Hatchery  
  177  13:31  Spore Crawler x2  
  177  13:33  Spine Crawler  
  173  13:35  Spore Crawler  
  173  13:37  Spine Crawler, Drone x2  
  173  13:38  Spine Crawler, Drone x5  
  177  13:45  Spine Crawler x3  
  177  13:46  Spine Crawler  
  173  13:50  Spore Crawler  
  173  13:51  Spore Crawler  
  173  13:52  Spore Crawler  
  173  13:54  Spore Crawler  
  173  13:55  Spine Crawler x2  
  167  13:56  Spine Crawler, Drone x2  
  167  13:57  Spine Crawler, Drone x5  
Show
View Real Time Build Order
Export as new Build Order

Fropez Protoss 

Build Orders:  

Get SALT Encoding   

  12  0:01  Probe (Chrono Boost)  
  13  0:17  Pylon  
  13  0:19  Probe (Chrono Boost)  
  14  0:26  Assimilator  
  14  0:30  Probe (Chrono Boost)  
  15  0:43  Gateway  
  15  0:49  Gateway  
  15  0:53  Probe (Chrono Boost)  
  16  1:02  Assimilator  
  16  1:03  Probe (Chrono Boost)  
  17  1:11  Pylon  
  17  1:14  Probe (Chrono Boost)  
  18  1:24  Probe (Chrono Boost)  
  19  1:32  Cybernetics Core  
  19  1:35  Probe (Chrono Boost)  
  20  1:44  Assimilator  
  20  1:45  Probe (Chrono Boost)  
  21  1:56  Probe (Chrono Boost)  
  22  2:05  Pylon  
  22  2:06  Probe (Chrono Boost)  
  23  2:09  Warp Gate  
  23  2:12  Adept  
  25  2:16  Adept  
  25  2:17  Probe (Chrono Boost)  
  28  2:28  Probe (Chrono Boost)  
  29  2:33  Pylon  
  29  2:38  Probe (Chrono Boost)  
  29  2:39  Adept  
  32  2:46  Adept  
  32  2:49  Probe (Chrono Boost)  
  35  3:09  Adept  
  37  3:13  Adept  
  37  3:15  Forge  
  39  3:21  Pylon  
  35  3:35  Probe (Chrono Boost)  
  36  3:48  Twilight Council, Adept x2  
  40  4:04  Probe (Chrono Boost)  
  41  4:15  Mothership Core (Chrono Boost)  
  41  4:42  Protoss Ground Weapons Level 1  
  41  4:43  Resonating Glaives (Chrono Boost)  
  41  4:56  Gateway  
  41  4:57  Gateway  
  39  5:05  Nexus  
  35  5:07  Assimilator  
  35  5:11  Assimilator  
  35  5:13  Gateway  
  35  5:14  Pylon  
  35  5:15  Adept x2  
  35  5:20  Probe  
  40  5:32  Probe  
  37  5:50  Adept x2  
  37  5:51  Probe  
  42  6:00  Gateway  
  42  6:03  Pylon, Probe  
  43  6:09  Adept  
  43  6:11  Adept x2  
  48  6:15  Probe x2  
  50  6:24  Zealot  
  44  6:44  Adept x2  
  48  6:49  Adept  
  48  6:51  Probe  
  51  6:55  Probe  
  52  7:15  Gateway  
  52  7:20  Adept x2  
  52  7:21  Adept  
  58  7:25  Probe  
  59  7:44  Adept  
  59  7:45  Adept x4  
  59  7:49  Probe x2  
  65  8:39  Adept x2, Probe  
  65  8:40  Adept x3, Probe  
  77  8:50  Probe  
  77  8:53  Probe  
  71  8:56  Pylon  
  71  8:58  Pylon  
  61  9:07  Probe  
  61  9:08  Probe  
  51  9:13  Adept x3  
  51  9:14  Adept x2  
  61  9:17  Probe  
  61  9:20  Probe  
  63  9:28  Probe  
  63  9:30  Robotics Facility  
  60  9:32  Probe  
  57  9:38  Probe  
  57  9:41  Protoss Ground Weapons Level 2  
  57  9:44  Probe  
  57  9:49  Probe  
  58  9:56  Probe  
  59  10:00  Probe  
  60  10:23  Warp Prism  
  62  10:29  Adept x2  
  62  10:30  Adept x4  
  62  10:32  Probe  
  62  10:33  Probe  
  76  10:43  Probe  
  77  10:53  Adept x5  
  77  10:54  Adept  
  89  11:01  Probe  
  89  11:02  Probe  
  57  11:22  Probe  
  57  11:24  Probe  
  59  11:26  Dark Shrine  
  59  11:33  Probe  
  59  11:36  Probe  
  59  11:39  Observer  
  62  11:48  Gateway  
  62  11:56  Probe  
  63  12:24  Pylon  
  63  12:26  Pylon  
  63  12:38  Dark Templar  
  63  12:39  Dark Templar x5  
  63  13:22  Stargate  
  63  13:25  Nexus  
  63  13:26  Stargate  
  63  13:27  Assimilator  
  63  13:31  Assimilator  
  63  13:34  Pylon  
  63  13:35  Pylon  
  63  13:38  Pylon  
  63  13:44  Pylon  
  63  13:50  Dark Templar  
  69  14:24  Zealot x4  
  73  14:25  Zealot  
  73  14:26  Zealot  
Tags
 
Matchup
PvZ
Replay Pack
All Mines
Spawn Locations
Cross Positions
Add a new tag
Caveats
  • Supply blocks, unpowered buildings, or Contaminate may cause inaccurate times.
  • Supply counts are checked every 10 seconds.